details: 'vs darcy'

« prev index next »

General information

Mini Map

Players

team 1
Humandarcy (red | 94 APM | 2016 actions | 21:31)
Hero icon 4 Archmage
Ability icon 2 Summon Water Elemental
Ability icon 1 Brilliance Aura
Ability icon 1 Blizzard
Hero icon 3 Mountain King
Ability icon 2 Storm Bolt
Ability icon 1 Bash
Hero icon 2 Paladin
Ability icon 1 Holy Light
Ability icon 1 Divine Shield

» actions
Assign group hotkey19
Basic commands99
Build / train142
ESC pressed5
Enter build submenu35
Enter hero's abilities submenu9
Give item / drop item8
Right click544
Select / deselect430
Select group hotkey620
Use ability105
2016 total
» units
Peasant49
Footman14
Priest6
Knight4
Flying Machine1
Mortar Team3
Siege Engine3
Spell Breaker1
81 total
» upgrades
Defend1
Masonry3
Lumber Harvesting1
Priest Training2
Animal War Training1
Fragmentation Shards1
Swords2
Plating1
Gunpowder1
13 total
» buildings
Altar of Kings1
Farm10
Barracks2
Scout Tower8
Arcane Tower2
Town Hall3
Arcane Vault1
Keep2
Lumber Mill1
Guard Tower7
Blacksmith1
Castle2
Arcane Sanctum1
Workshop2
43 total
» build order
00:05 Altar of Kings
00:20 Farm
00:22 Barracks
01:01 Farm
01:49 Farm
02:02 Scout Tower
02:45 Arcane Tower
03:10 Farm
03:34 Scout Tower
04:05 Arcane Tower
04:40 Town Hall
06:11 Town Hall
06:27 Arcane Vault
08:20 Keep
08:20 Keep
08:21 Scout Tower
08:22 Scout Tower
08:50 Farm
08:56 Lumber Mill
09:31 Guard Tower
10:02 Scout Tower
10:03 Scout Tower
10:05 Blacksmith
10:06 Farm
10:45 Castle
10:45 Castle
10:50 Guard Tower
10:54 Arcane Sanctum
11:33 Guard Tower
11:38 Farm
11:40 Farm
11:50 Scout Tower
11:57 Farm
12:19 Guard Tower
12:19 Guard Tower
12:22 Barracks
13:04 Workshop
16:19 Farm
16:58 Scout Tower
17:07 Town Hall
17:26 Guard Tower
19:39 Workshop
» items
Boots of Speed1
Staff of Teleportation1
Scroll of Regeneration5
Mechanical Critter2
Scroll of Healing6
Scroll of Town Portal1
Potion of Lesser Invulnerability2
18 total
team 2
HumanHugeBalls (purple | 244 APM | 5278 actions | 21:39)
Hero icon 5 Archmage
Ability icon 3 Summon Water Elemental
Ability icon 2 Brilliance Aura
Hero icon 3 Mountain King
Ability icon 2 Storm Bolt
Ability icon 1 Bash
Hero icon 3 Paladin
Ability icon 2 Holy Light
Ability icon 1 Divine Shield

» actions
Assign group hotkey196
Basic commands584
Build / train115
Enter build submenu36
Enter hero's abilities submenu11
Give item / drop item2
Remove unit from queue5
Right click1835
Select / deselect512
Select group hotkey1838
Use ability144
5278 total
» units
Peasant26
Footman16
Priest5
Knight5
Spell Breaker1
Mortar Team3
56 total
» upgrades
Lumber Harvesting1
Priest Training2
Animal War Training1
Fragmentation Shards1
Plating2
Swords1
Flare1
9 total
» buildings
Farm12
Altar of Kings1
Barracks1
Scout Tower14
Lumber Mill1
Arcane Tower4
Guard Tower6
Arcane Vault1
Keep1
Town Hall1
Castle1
Blacksmith1
Arcane Sanctum2
Workshop1
47 total
» build order
00:08 Farm
00:10 Altar of Kings
00:20 Farm
00:24 Barracks
01:44 Farm
01:46 Farm
03:28 Scout Tower
03:29 Scout Tower
03:32 Scout Tower
03:34 Scout Tower
03:35 Lumber Mill
03:53 Farm
03:56 Scout Tower
03:57 Arcane Tower
04:07 Arcane Tower
04:49 Guard Tower
04:50 Scout Tower
05:36 Guard Tower
06:23 Farm
07:30 Arcane Vault
08:14 Keep
09:07 Scout Tower
09:08 Scout Tower
09:09 Scout Tower
09:31 Town Hall
09:33 Guard Tower
09:41 Guard Tower
09:43 Scout Tower
09:45 Scout Tower
10:13 Guard Tower
11:11 Castle
11:12 Blacksmith
11:27 Arcane Sanctum
11:30 Arcane Sanctum
13:14 Workshop
13:22 Scout Tower
13:24 Scout Tower
13:25 Scout Tower
13:59 Arcane Tower
14:02 Arcane Tower
14:04 Guard Tower
16:18 Farm
16:20 Farm
16:59 Farm
18:34 Farm
18:42 Farm
20:31 Farm
» items
Scroll of Regeneration3
Lesser Clarity Potion1
Scroll of Healing2
Scroll of Town Portal3
Potion of Lesser Invulnerability1
Potion of Invisibility1
Staff of Teleportation1
Staff of Sanctuary1
Scroll of Protection1
14 total